Map: Winter's Gate LE

Players

Mez

  • Race: Terran Terran
  • League: Master
  • Spawn Location: 11:00

SеxyDrone - Winner!

  • Race: Zerg Zerg
  • League: Master
  • Spawn Location: 5:00

VOD

Have the link to the VOD?

Description

Time

  • Played on: Sept. 3, 2019, 4:05 a.m.
  • Length: 24:01
Show
View Real Time Build Order
Export as new Build Order

Mez Terran 

Build Orders: Liberator Opening, Reaper Expand 

Get SALT Encoding   

  12  0:01  SCV  
  13  0:13  SCV  
  14  0:17  Supply Depot  
  14  0:25  SCV  
  15  0:39  SCV  
  15  0:40  Barracks  
  16  0:45  Refinery  
  16  0:51  SCV  
  17  1:03  SCV  
  18  1:15  SCV  
  19  1:30  Reaper  
  19  1:31  Orbital Command  
  20  1:43  Command Center  
  20  1:50  Supply Depot  
  20  1:57  SCV  
  21  2:02  Marine  
  22  2:09  SCV  
  22  2:15  Factory  
  23  2:16  Refinery  
  23  2:22  SCV  
  24  2:24  Barracks Reactor  
  24  2:44  SCV  
  25  2:56  SCV, Orbital Command  
  26  3:00  Starport  
  30  3:05  Hellion  
  30  3:06  Hellion  
  30  3:08  SCV, Barracks Tech Lab  
  30  3:10  Supply Depot  
  31  3:20  SCV  
  31  3:21  Liberator, SCV  
  33  3:28  Hellion  
  33  3:29  Hellion  
  33  3:32  SCV  
  38  3:35  SCV  
  38  3:39  Marine  
  43  3:44  SCV  
  44  3:50  SCV  
  44  3:51  Hellion x2  
  49  3:56  Supply Depot  
  49  3:57  SCV  
  49  4:01  Marine  
  51  4:07  SCV  
  51  4:09  SCV  
  53  4:16  Command Center  
  53  4:30  Stimpack, Supply Depot  
  53  4:31  SCV x2  
  55  4:36  Starport Reactor, Barracks  
  55  4:37  Barracks  
  55  4:39  Factory Reactor  
  55  4:44  SCV x2  
  57  4:56  SCV x2  
  59  5:02  Marine  
  59  5:03  Engineering Bay x2  
  60  5:07  Refinery  
  60  5:08  Refinery  
  60  5:13  SCV x2  
  62  5:20  Marine  
  63  5:25  Marine x2  
  65  5:30  Factory Tech Lab  
  65  5:33  Marine x2  
  65  5:34  Medivac x2, Supply Depot x2  
  71  5:38  Marine  
  72  5:43  Marine x2  
  72  5:44  SCV x2  
  72  5:45  Orbital Command  
  76  5:51  Marine x2  
  76  5:52  Siege Tank  
  76  5:56  Marine, SCV  
  83  6:00  SCV  
  83  6:03  Supply Depot  
  84  6:07  Orbital Command  
  84  6:08  SCV  
  84  6:09  Barracks  
  85  6:11  Barracks  
  85  6:14  Terran Infantry Armor Level 1, Terran Infantry Weapons Level 1  
  85  6:19  Armory  
  85  6:21  Supply Depot  
  85  6:28  Marine x2, Siege Tank  
  85  6:29  Marine x3  
  85  6:31  SCV  
  94  6:36  SCV x2  
  96  6:43  SCV  
  96  6:44  Combat Shield  
  96  6:46  Marine  
  95  6:48  SCV x2  
  95  6:51  Supply Depot  
  97  6:58  Marine x3  
  97  6:59  Marine  
  97  7:00  Barracks Reactor x2  
  90  7:02  SCV x3  
  90  7:04  Marine, Siege Tank  
  90  7:07  Supply Depot  
  93  7:17  Marine x4  
  93  7:18  SCV x3  
  93  7:22  Marine  
  101  7:23  Supply Depot  
  101  7:28  Terran Vehicle Weapons Level 1  
  101  7:30  SCV x2  
  101  7:32  Command Center  
  101  7:35  Marine x4  
  107  7:40  Marine  
  107  7:43  Siege Tank  
  111  7:44  Marine x4  
  115  7:52  Marine, Factory, Supply Depot  
  115  7:53  Marine x3, SCV x2  
  115  7:54  Supply Depot  
  115  7:55  Refinery  
  115  7:57  Refinery  
  121  8:01  Marine  
  121  8:02  Marine x2  
  121  8:03  Supply Depot  
  124  8:10  Marine x4  
  128  8:15  Marine x2  
  123  8:34  Cyclone  
  123  8:40  Marine  
  123  8:41  Marine x3, Medivac x2  
  110  8:42  Marine x5  
  110  8:43  Factory Tech Lab  
  110  8:44  SCV x2  
  110  8:48  Terran Infantry Armor Level 2, Terran Infantry Weapons Level 2  
  122  8:49  Barracks  
  122  8:50  Barracks  
  122  8:51  Barracks  
  122  8:58  Marine  
  117  9:07  Siege Tank  
  117  9:08  Siege Tank  
  123  9:10  Marine x3  
  123  9:11  Marine x5, Medivac x2  
  123  9:16  Marine  
  126  9:24  SCV x3  
  129  9:27  Planetary Fortress  
  129  9:28  Marine  
  130  9:39  Siege Tank  
  130  9:41  Siege Tank  
  130  9:42  Marine x8  
  130  9:43  Medivac  
  130  9:44  Supply Depot  
  146  9:46  Marine, Supply Depot, Barracks Tech Lab  
  146  9:47  Barracks Tech Lab  
  146  9:52  Refinery  
  147  9:53  Barracks Tech Lab  
  147  9:54  Refinery  
  146  10:04  Marine x3  
  146  10:05  Marine x7  
  153  10:11  Siege Tank  
  153  10:13  Siege Tank  
  159  10:21  Marine x2  
  158  10:22  Marine x4  
  154  10:31  Marine x5  
  154  10:32  SCV  
  154  10:33  SCV x3  
  154  10:43  Siege Tank  
  154  10:45  SCV x3  
  154  10:46  Siege Tank  
  155  11:00  Marine x7  
  155  11:01  Marine, Marauder x4  
  155  11:02  Medivac  
  155  11:03  Medivac  
  164  11:15  Siege Tank  
  164  11:18  Marine x5  
  151  11:21  Marine, Siege Tank  
  151  11:22  Marine x4, Marauder  
  151  11:23  Marauder  
  153  11:30  Command Center  
  153  11:32  Command Center  
  153  11:35  Medivac x2  
  153  11:36  Marine x3  
  147  12:07  SCV x2  
  147  12:08  SCV x2  
  133  12:11  Marine  
  133  12:12  Marine x5  
  133  12:13  Liberator x2  
  133  12:19  SCV  
  133  12:20  SCV x3  
  133  12:22  Marine x3  
  144  12:23  Marauder x3  
  144  12:29  Siege Tank x2  
  152  12:31  SCV  
  152  12:32  SCV x3  
  152  12:36  Starport  
  162  12:37  Starport  
  162  12:40  Marauder  
  162  12:43  SCV  
  123  12:53  Marine x6  
  123  12:54  Marine x2  
  126  13:01  Siege Tank x2  
  126  13:04  SCV x4  
  138  13:09  Orbital Command  
  136  13:20  Liberator  
  136  13:21  Liberator  
  131  13:38  Starport Reactor, Starport Tech Lab  
  137  13:48  Sensor Tower  
  137  13:49  Refinery  
  137  13:52  Marine, Marauder x2  
  137  13:53  Marine x7, Marauder x2  
  150  13:58  Medivac  
  150  14:00  Sensor Tower  
  150  14:01  Liberator x2  
  146  14:03  Liberator  
  146  14:05  Siege Tank x2  
  140  14:10  Marine x5  
  140  14:11  Marine, Orbital Command  
  140  14:14  Marine  
  114  14:20  Medivac  
  123  14:27  Concussive Shells  
  123  14:57  Marine  
  123  14:58  Marine x11  
  132  15:15  Marine x7  
  132  15:16  Marine x3  
  132  15:19  Marine x2, Supply Depot  
  141  15:26  Planetary Fortress  
  141  15:28  SCV x3  
  141  15:33  Marine, SCV  
  143  15:40  SCV x2  
  145  15:43  Marine x5  
  145  15:44  Marauder  
  147  16:04  Liberator x3  
  147  16:05  Liberator x2  
  147  16:09  Marine  
  147  16:10  Marine  
  129  16:20  Marine  
  129  16:21  Marine x2, Marauder x3  
  129  16:23  SCV  
  129  16:24  SCV x2  
  125  16:47  Liberator  
  125  16:52  Marine  
  125  16:53  Marine x6, Command Center  
  133  16:55  Marauder  
  133  16:56  Marauder x3  
  101  17:38  Command Center  
  101  17:39  SCV x4  
  100  17:51  Marine x8, SCV x4, Marauder x4  
  109  17:56  Supply Depot  
  109  17:57  Supply Depot  
  117  17:58  Supply Depot  
  117  18:00  Supply Depot  
  117  18:04  SCV x4  
  121  18:06  Liberator x2  
  121  18:08  Marine  
  121  18:09  Marine x2  
  127  18:36  Marine, Marauder x2  
  127  18:37  Marine x2, Marauder  
  136  19:11  Liberator  
  136  19:20  Marine, Marauder  
  136  19:21  Marine x7, Marauder x3  
  136  19:23  Orbital Command  
  152  19:25  Sensor Tower  
  155  19:38  Marine  
  155  19:40  Marine x2  
  155  19:42  Marauder x3  
  155  19:45  Viking  
  152  20:13  Starport x2, Orbital Command  
  130  20:53  Marine x10, Marauder x2  
  141  21:01  Viking x3  
  147  21:11  Marine  
  121  21:31  Engineering Bay  
  121  21:32  Engineering Bay  
  121  21:59  Refinery x2  
  120  22:10  Sensor Tower  
  120  22:14  Marine  
  120  22:15  Marine x8  
  129  22:19  SCV x3  
  132  22:28  Barracks x2  
  132  22:29  Barracks  
  132  22:31  SCV x3  
  132  22:32  Marine x3  
  120  22:40  Command Center  
  120  22:43  Viking x2  
  116  22:55  Orbital Command  
  116  22:56  Viking x2  
  109  23:08  Marine x4  
Show
View Real Time Build Order
Export as new Build Order

SеxyDrone Zerg - Winner!

Build Orders: Hatch First 

Get SALT Encoding   

  12  0:02  Drone  
  13  0:12  Overlord  
  13  0:16  Drone  
  14  0:31  Drone x2  
  16  0:48  Hatchery  
  15  0:51  Drone  
  15  0:57  Drone  
  17  0:59  Drone  
  18  1:11  Extractor  
  18  1:15  Spawning Pool  
  18  1:17  Drone  
  17  1:20  Drone  
  18  1:28  Drone  
  19  1:39  Drone  
  20  1:49  Overlord  
  20  2:01  Queen  
  20  2:02  Queen  
  20  2:03  Zergling x4  
  26  2:12  Drone x2  
  26  2:13  Metabolic Boost  
  28  2:22  Overlord  
  28  2:25  Drone  
  29  2:32  Drone  
  29  2:36  Drone  
  31  2:43  Queen  
  33  2:46  Drone x2  
  35  2:54  Drone  
  35  2:55  Drone  
  37  3:08  Hatchery  
  36  3:13  Drone x2  
  36  3:15  Overlord  
  36  3:18  Drone x2  
  36  3:19  Drone x2  
  42  3:36  Queen  
  42  3:37  Overlord  
  42  3:38  Drone x2  
  46  3:50  Zergling x10  
  46  3:52  Baneling Nest  
  50  4:00  Overlord  
  50  4:06  Drone x3  
  50  4:08  Overlord  
  53  4:15  Queen  
  55  4:19  Drone x4  
  55  4:21  Overlord  
  55  4:23  Lair  
  59  4:26  Extractor x2  
  59  4:27  Queen  
  59  4:28  Overlord  
  59  4:32  Drone x3  
  62  4:44  Zergling x4  
  64  4:49  Drone x2  
  64  4:50  Drone x2  
  68  5:10  Drone  
  68  5:11  Drone x10  
  79  5:17  Evolution Chamber  
  79  5:20  Evolution Chamber  
  76  5:29  Centrifical Hooks, Spore Crawler  
  76  5:34  Drone x9  
  76  5:35  Overseer  
  84  5:40  Queen  
  84  5:41  Drone, Extractor  
  84  5:42  Drone x2  
  88  5:49  Drone x2  
  90  5:55  Drone  
  90  6:01  Overlord x2  
  90  6:03  Zerg Ground Armor Level 1, Zerg Melee Weapons Level 1  
  90  6:15  Hydralisk Den, Extractor  
  90  6:17  Extractor, Hatchery  
  90  6:18  Zergling x8  
  90  6:20  Baneling x6  
  90  6:27  Overlord  
  90  6:35  Zergling x22  
  101  6:42  Baneling  
  101  6:43  Baneling x5  
  101  6:44  Zergling x10  
  100  7:03  Muscular Augments  
  100  7:04  Drone  
  100  7:05  Drone x4  
  100  7:06  Overlord x2  
  100  7:07  Infestation Pit  
  104  7:11  Hatchery  
  103  7:16  Overlord  
  103  7:22  Baneling  
  103  7:23  Baneling x7  
  103  7:28  Drone x3  
  103  7:29  Spore Crawler, Drone x6  
  112  7:37  Zergling x10  
  116  7:44  Hive  
  116  7:45  Hydralisk x5  
  126  7:53  Drone  
  126  7:55  Extractor  
  126  7:59  Overlord x2  
  126  8:04  Overlord  
  126  8:05  Baneling x6  
  126  8:06  Baneling x4  
  126  8:07  Overlord  
  126  8:11  Queen, Hatchery  
  127  8:14  Grooved Spines  
  127  8:17  Hydralisk x2  
  127  8:18  Hydralisk x2  
  135  8:20  Drone x2  
  135  8:21  Drone  
  135  8:25  Drone x2  
  135  8:26  Drone  
  127  8:39  Zergling x6  
  127  8:40  Zergling x18  
  125  8:45  Zergling x4  
  127  8:51  Zergling x2, Baneling  
  127  8:52  Zergling x4  
  130  8:56  Zergling x16  
  136  9:04  Baneling x11  
  127  9:17  Zergling x22  
  138  9:26  Baneling x7  
  138  9:29  Overseer  
  138  9:31  Zergling x2  
  138  9:32  Zergling x28  
  138  9:36  Queen  
  155  9:38  Zerg Melee Weapons Level 2, Zerg Ground Armor Level 2  
  155  9:41  Overlord  
  155  9:44  Zergling x10  
  160  9:46  Baneling x17  
  160  9:49  Adrenal Glands  
  160  9:50  Extractor  
  159  10:03  Zergling x30  
  170  10:08  Viper x3  
  174  10:23  Ultralisk Cavern  
  167  10:28  Zergling x12  
  167  10:29  Zergling x16  
  177  10:36  Drone x2  
  177  10:40  Spore Crawler  
  177  10:41  Spore Crawler  
  177  10:43  Baneling  
  177  10:44  Baneling x17  
  168  11:00  Zergling x18  
  168  11:01  Zergling x12  
  153  11:22  Hydralisk x11  
  169  11:25  Zergling x2  
  169  11:26  Zergling x10  
  169  11:28  Baneling x4  
  169  11:29  Baneling x2  
  175  11:34  Zergling x10  
  172  11:57  Zergling x22  
  179  12:05  Chitinous Plating  
  173  12:10  Ultralisk  
  173  12:12  Baneling x7  
  173  12:13  Baneling x10  
  173  12:14  Overlord  
  169  12:24  Baneling x8  
  169  12:29  Zergling x2  
  169  12:30  Zergling x20  
  169  12:34  Baneling x2  
  174  12:49  Zergling x18  
  174  12:50  Zergling x22  
  179  12:56  Baneling x10  
  179  12:57  Baneling x3  
  176  13:00  Overlord  
  176  13:09  Zerg Melee Weapons Level 3  
  176  13:12  Baneling x11  
  176  13:24  Anabolic Synthesis, Drone x2  
  176  13:25  Drone x3  
  176  13:27  Extractor  
  175  13:29  Extractor  
  175  13:34  Baneling x14  
  174  13:35  Baneling x7  
  174  13:42  Hatchery  
  174  13:45  Spore Crawler  
  172  13:49  Spore Crawler  
  145  14:14  Zergling x2  
  145  14:15  Zergling x50  
  148  14:34  Zerg Ground Armor Level 3  
  148  14:35  Spire  
  141  14:39  Ultralisk x3  
  141  14:41  Baneling x11  
  141  14:42  Baneling x2  
  159  14:52  Baneling x4  
  159  15:01  Hydralisk x8  
  171  15:07  Drone x4  
  171  15:08  Drone x2  
  165  15:24  Drone x4  
  165  15:26  Drone x3  
  171  15:29  Baneling x6  
  171  15:30  Baneling x2  
  171  15:31  Ultralisk  
  174  15:51  Zergling x6  
  174  15:52  Zergling x24  
  182  16:03  Zergling x28  
  193  16:08  Greater Spire  
  188  16:14  Spore Crawler  
  188  16:16  Spore Crawler  
  181  16:22  Baneling x14  
  181  16:23  Baneling x3  
  180  16:37  Baneling x15  
  180  16:42  Drone  
  180  16:43  Drone x6  
  175  16:49  Pathogen Glands  
  175  16:59  Nydus Network x2  
  173  17:03  Baneling x12  
  155  17:24  Ultralisk x2  
  155  17:25  Ultralisk  
  149  17:37  Zergling x18  
  158  17:47  Overseer x2  
  156  17:58  Zerg Flyer Weapons Level 1, Corruptor x4  
  156  17:59  Corruptor x4  
  171  18:05  Baneling  
  171  18:06  Baneling x8  
  171  18:10  Drone x4  
  173  18:12  Extractor  
  173  18:15  Extractor  
  173  18:18  Baneling x7  
  171  18:27  Infestor x2  
  175  18:44  Brood Lord x2  
  179  18:50  Hatchery  
  179  18:53  Spore Crawler  
  177  18:57  Brood Lord  
  177  18:58  Brood Lord  
  181  19:03  Extractor  
  181  19:04  Brood Lord  
  181  19:08  Extractor  
  181  19:10  Nydus Canal  
  181  19:14  Nydus Canal  
  181  19:15  Zergling x14  
  181  19:16  Zergling x12  
  194  19:20  Neural Parasite  
  194  19:22  Overlord  
  194  19:23  Overlord, Spire  
  193  19:50  Infestor x2  
  197  19:55  Nydus Canal x2  
  197  20:20  Brood Lord  
  197  20:21  Brood Lord x2  
  197  20:30  Drone  
  197  20:31  Drone x2  
  199  20:39  Nydus Canal  
  199  20:40  Nydus Canal  
  199  20:48  Spore Crawler  
  198  20:51  Spore Crawler  
  198  20:56  Spore Crawler  
  196  20:58  Spore Crawler, Zerg Missile Weapons Level 1  
  196  21:02  Corruptor x2  
  199  21:06  Zerg Flyer Weapons Level 2  
  199  21:07  Spore Crawler x2, Zerg Flyer Armor Level 1  
  199  21:09  Spore Crawler  
  181  21:24  Corruptor x4  
  179  21:26  Corruptor x3  
  181  21:36  Drone x5  
  186  21:45  Corruptor x2  
  190  21:51  Spine Crawler x2  
  190  21:53  Spine Crawler  
  187  21:56  Spine Crawler  
  184  22:03  Brood Lord  
  184  22:04  Brood Lord x2  
  184  22:06  Baneling  
  184  22:07  Zergling x2, Baneling  
  184  22:08  Zergling x16  
  199  22:34  Brood Lord x2  
  186  22:42  Nydus Canal  
  175  22:45  Nydus Canal  
  175  22:47  Infestor  
  175  22:48  Infestor  
  175  22:50  Zergling x2  
  175  22:51  Zergling x52  
  184  22:52  Zergling x6  
  195  23:12  Baneling  
  192  23:13  Baneling x21  
  192  23:14  Baneling x12  
  192  23:15  Baneling x19  
  183  23:27  Hatchery  
Tags
 
Add a new tag
Caveats
  • Supply blocks, unpowered buildings, or Contaminate may cause inaccurate times.
  • Supply counts are checked every 10 seconds.